 Dungeon Crawl Stone Soup version 0.30-a0-953-g5f1da4a474 (webtiles) character file.

Game seed: 7439224585617536991

46 dialectric the Covered (level 3, -1/24 HPs)
             Began as a Gargoyle Fighter on Mar 28, 2023.
             Killed by divine providence
             ... invoked by an orc priest
              (11 damage)
             ... on level 3 of the Dungeon.
             The game lasted 00:01:36 (887 turns).

dialectric the Covered (Gargoyle Fighter)            Turns: 887, Time: 00:01:37

Health: -1/24      AC: 11    Str: 21    XL:     3   Next: 66%
Magic:  3/3        EV: 10    Int:  8    God:
Gold:   87         SH:  0    Dex:  9    Spells: 2/2 levels left

rFire   . . .      SeeInvis .    a - +0 long sword
rCold   . . .      Faith    .    (no shield)
rNeg    + . .      Spirit   .    b - +0 scale mail
rPois   ∞          Reflect  .    f - +0 helmet
rElec   +          Rampage  .    (no cloak)
rCorr   .                        (no gloves)
Will    .....                    (no boots) Stlth
                                 (no amulet)
HPRegen 0.24/turn                (no ring)
MPRegen 0.08/turn                (no ring)

@: no status effects
A: sickness immunity, AC +3, negative energy resistance 1, electricity
resistance, torment resistance 1, petrification resistance
a: no special abilities


You were on level 3 of the Dungeon.
You visited 1 branch of the dungeon, and saw 3 of its levels.

You collected 87 gold pieces.

Inventory:

Hand Weapons
 a - a +0 long sword (weapon)
Armour
 b - a +0 scale mail (worn)
 c - a +0 buckler
 f - a +0 helmet (worn)
Scrolls
 e - 4 scrolls of identify {unknown}
 g - a scroll of brand weapon {unknown}


   Skills:
 + Level 3.7 Fighting
 + Level 2.3 Long Blades
 + Level 3.8 Armour
 * Level 1.0 Dodging
 - Level 3.2 Shields


You had 2 spell levels left.
You didn't know any spells.
Your spell library was empty.

Dungeon Overview and Level Annotations

Branches:
Dungeon (3/15)

Altars:


Innate Abilities, Weirdness & Mutations

You are immune to sickness and miasma.
Your stone body is resilient. (AC +3)
You are immune to poison.
You resist negative energy. (rN+)
You are resistant to electric shocks. (rElec)
You are resistant to unholy torment.
You are immune to petrification.


Message History

There is an open door here.
You feel very mighty all of a sudden. The gnoll hits you but does no damage.
You closely miss the gnoll.
The gnoll hits you but does no damage. x2
You slash the gnoll!
You kill the gnoll!
You slash the gnoll!
You kill the gnoll!
Your Dodging skill increases to level 1!
There is an open door, spattered with blood here.
Things that are here:
a +0 flail; a +0 club; a gnoll corpse You feel a little less mighty now.
HP restored.
You now have 87 gold pieces (gained 4).
You open the door. 2 orcs come into view.
The orc shouts! x2; You hear a shout!
An orc priest comes into view. It is wielding a +0 club.
There are monsters nearby!
There are monsters nearby!
A worm comes into view.
There is an open door here.
You barely miss the orc priest.
The orc priest mumbles some strange prayers to Beogh against you.
Beogh smites you!
Ouch! That really hurt!
The orc closely misses you. The orc hits you but does no damage.
The orc hits you but does no damage. The orc priest barely misses you.
The orc hits you with a +0 club.
You hit the orc.
The orc is severely wounded.
The orc hits you but does no damage.
The orc priest hits you but does no damage.
The orc hits you with a +0 club.
You hit the orc priest but do no damage.
Your punch misses the orc priest.
The orc priest invokes the aid of Beogh against you.
Beogh smites you!
You die...

#.# #.# #.# ##)##
##...## # ##.....##
####.######....<..#
#......o.#.........#
.....wo@.'.........+
#.#....#o#.........#
##.#.#.##.......## #
#.#.###.....## ....#
##...## #.### ##+##
#. #.


You could see a worm, an orc priest and 2 orcs.

Vanquished Creatures
  2 gnolls (D:3)
  3 ball pythons
  An endoplasm (D:1)
  2 giant cockroaches
  6 hobgoblins (D:1)
  3 kobolds (D:1)
  3 bats
  3 frilled lizards
  2 rats
25 creatures vanquished.

Vanquished Creatures (others)
  A fungus (D:1)
1 creature vanquished.

Grand Total: 26 creatures vanquished

Notes
Turn   | Place    | Note
-------+----------+-------------------------------------------
     0 | D:1      | dialectric the Gargoyle Fighter began the quest for the
                  | Orb.
     0 | D:1      | Reached XP level 1. HP: 14/14 MP: 1/1
    60 | D:1      | Found a faded altar of an unknown god.
   131 | D:1      | Reached XP level 2. HP: 19/19 MP: 2/2
   721 | D:2      | Reached XP level 3. HP: 24/24 MP: 3/3
   811 | D:3      | Reached skill level 1 in Dodging
   887 | D:3      | Killed from afar by an orc priest

Illustrated notes

Levels and vault maps discovered:
D:1:      evilmike_arrival_plus, layout_basic, dreamdust_ecumenical_altar_grove,
          kennysheep_nondescript
D:2:      layout_loops_cross, uniq_natasha
D:3:      layout_loops_corners, grunt_decor_one_mirror, uniq_sigmund

Skill      XL: |  1  2  3 |
---------------+----------+-----
Long Blades    | 2 |  2.3
Dodging        | 1 |  1.0
Fighting       | |  3.7
Armour         | |  3.8
Shields        | |  3.2

Action                     || total
---------------------------++-------
  Melee: Long sword        ||    78
         Punch             ||     1
    Use: Potion            ||     1
 Armour: Scale mail        ||    64
  Dodge: Dodged            ||    43

Table legend: (Time is in decaauts)
 A = Elapsed time spent in this place.
 B = Non-inter-level travel time spent in this place.
 C = Inter-level travel time spent in this place.
 D = Time resting spent in this place.
 E = Time spent auto-exploring this place.
 F = Levels seen in this place.
 G = Mean time per level.
                   A        B        C        D        E       F      G
               +--------+--------+--------+--------+--------+-----+--------+
         Total |    910 |    893 |     17 |     63 |    598 |   3 |  303.3 |
       Dungeon |    910 |    893 |     17 |     63 |    598 |   3 |  303.3 |
               +--------+--------+--------+--------+--------+-----+--------+

Top non-repeatable levels by time:
     D:1: 715 daAuts
     D:2: 107 daAuts
     D:3: 87 daAuts
